 Dungeon Crawl Stone Soup version bcrawl-1.21.2-28-g2cb1824106 (webtiles) character file.

Game seed: 13340546612572328401

2405 MisterOstroum the Sneak (level 9, -4/56 HPs)
             Began as a Twilight Stalker Chaos Knight on Mar 11, 2020.
             Was a Plaything of Xom.
             Slain by a small abomination (13 damage)
             ... summoned by the capriciousness of Xom
             ... on level 7 of the Dungeon.
             The game lasted 00:15:37 (5422 turns).

MisterOstroum the Sneak (VSCK)                      Turns: 5422, Time: 00:15:38

Health: -4/56      AC:  9    Str: 18    XL:     9   Next: 47%
Magic:  13/13      EV: 14    Int: 10    God:    Xom [..*...]
Gold:   271        SH:  0    Dex: 14    Spells: 8/8 levels left

rFire    . . .     SeeInvis .   a - +0 short sword (chaos)
rCold    . . .     Gourm    .   (no shield)
rNeg     . . .     Faith    .   f - +2 leather armour
rPois    +         Spirit   .   I - +0 hat
rElec    .         Reflect  .   (no cloak)
rCorr    .         Harm     .   u - +2 pair of gloves
MR       +....     Clarity  +   d - +0 pair of boots
Stlth    ++++......             (no amulet)
HPRegen  0.58/turn              m - ring of protection from magic
MPRegen  0.13/turn              (no ring)

@: no status effects
A: antennae 1, fangs 3, hooves 1, clarity, dopey 1, mutation resistance 1,
nightstalker 1, poison resistance, regeneration 1, no potion heal 3, rot
immunity, sturdy frame 1, draining bite, strong jaws, assimilated armour
a: Renounce Religion


You were on level 7 of the Dungeon.
You worshipped Xom.
You were a toy of Xom.
You were not hungry.

You visited 2 branches of the dungeon, and saw 8 of its levels.

You collected 573 gold pieces.
You spent 302 gold pieces at shops.

Inventory:

Hand Weapons
 a - a +0 short sword of chaos (weapon)
 b - a +0 hunting sling
 c - a +0 blowgun
 J - a +2 broad axe of venom
Missiles
 k - 1711 stones (quivered)
 p - 6 poisoned needles
 x - 420 arrows
 C - 164 bolts
 G - 102 sling bullets
Armour
 d - a +0 pair of boots (worn)
 f - a +2 leather armour (worn)
 u - a +2 pair of gloves (worn)
 I - a +0 hat (worn)
Jewellery
 m - a ring of protection from magic (left hand)
Wands
 j - a wand of flame (27)
 q - a wand of random effects (8)
 s - a wand of acid (7)
 F - a wand of polymorph (7)
 H - a wand of digging (11)
Scrolls
 h - 2 scrolls of enchant weapon {unknown}
 i - a scroll of magic mapping {unknown}
 n - 3 scrolls of remove curse {@r2}
 v - a scroll of amnesia {unknown}
 y - a scroll of teleportation {@r3 !r}
 E - a scroll of fog {unknown}
Potions
 g - 3 potions of curing {@q1 !q}
 l - a potion of mutation {unknown}
 o - a potion of resistance {unknown}
 r - 2 potions of agility {@q5 !q}
 t - 3 potions of invisibility
 w - 2 potions of brilliance
 z - a potion of berserk rage
 A - a potion of might {unknown}
 D - a potion of lignification {unknown}
Comestibles
 e - 11 rations {!d}
 B - 9 chunks of flesh


   Skills:
 * Level 6.3 Fighting
 * Level 6.3 Short Blades
 - Level 0.7 Armour
 + Level 4.8 Dodging
 + Level 6.8 Stealth
 - Level 5.0 Evocations


You had 8 spell levels left.
You didn't know any spells.
Your spell library was empty.

Dungeon Overview and Level Annotations

Branches:
Dungeon (7/12)             Temple (1/1) D:5
   Lair: D:7-9

Altars:
Ashenzari
Dithmenos
Fedhas
Hepliaklqana
Kikubaaqudgha
Lugonu
Makhleb
Nemelex Xobeh
Qazlal
Ru
Sif Muna
Uskayaw
Zin

Shops:
D:5 }*:*[


Innate Abilities, Weirdness & Mutations

You have razor-sharp teeth.
You are slightly more attuned to the shadows.
Your natural rate of healing is unusually fast.
Potions cannot restore your health.
You are immune to rotting.
Your bite drains your enemy's life force.
Your bites deal extra damage.
Your stealth is less affected by armour.
You have a pair of small antennae on your head.
You have large cloven feet.
You possess an exceptional clarity of mind.
You are dopey. (Int -2)
You are somewhat resistant to further mutation.
Your system is resistant to poisons. (rPois)
Your movements are slightly less encumbered by armour. (ER -2)


Message History

The orc wizard is lightly wounded.
The orc wizard gestures at you while chanting.
The magic dart hits you!
You hit the orc wizard.
The orc wizard's magic leaks into the air.
You bite the orc wizard, but do no damage.
The orc wizard is heavily wounded.
The orc hits you but does no damage.
The orc wizard hits you but does no damage.
You closely miss the orc wizard. Your bite misses the orc wizard.
The orc wizard is heavily wounded.
The orc closely misses you.
You hit the orc wizard but do no damage.
The orc wizard is poisoned.
Your bite misses the orc wizard.
The orc wizard is heavily wounded.
The orc wizard hits you but does no damage.
You hit the orc wizard.
You hear strange voices.
You bite the orc wizard!
You kill the orc wizard!
The orc misses you.
You hit the orc but do no damage.
The orc suddenly stops moving!
You bite the orc.
Your bite drains the orc!
The orc is severely wounded.
The helpless orc fails to defend itself.
You skewer the orc like a kebab!!!
You kill the orc!
No target in view!
No target in view!
A bullfrog comes into view.
Found a dagger.
Things that are here:
a +0 hand axe; a +0 chain mail; an orc corpse You butcher the orc corpse.
B - 9 chunks of flesh (gained 3)
Things that are here:
a +0 hand axe; a +0 chain mail; an orc skeleton You now have enough gold to buy a +2 pair of gloves of archery on D:5.
You can access your shopping list by pressing '$'.
You now have 271 gold pieces (gained 16).
Things that are here:
a +0 dagger; a +0 robe; an orc corpse You butcher the orc corpse.
B - 10 chunks of flesh (gained 1)
Things that are here:
a +0 dagger; a +0 robe; an orc skeleton You see here a dagger.
A bullfrog is nearby!
You barely miss the bullfrog.
The bullfrog croaks.
You bite the bullfrog.
Your bite drains the bullfrog!
The bullfrog is heavily wounded.
The bullfrog hits you but does no damage.
You are feeling hungry.
You hit the bullfrog. You drain the bullfrog.
The bullfrog is severely wounded.
The bullfrog closely misses you.
You miss the bullfrog. Your bite misses the bullfrog.
The bullfrog is severely wounded.
The bullfrog misses you.
You hit the bullfrog.
The bullfrog seems to slow down.
You freeze the bullfrog.
You kill the bullfrog!
No target in view!
No target in view!
Eating one of 10 chunks of flesh.
You eat one of the 10 chunks of flesh.
This raw flesh tastes terrible.
A troll comes into view.
The troll shouts!
A troll is nearby!
A troll is nearby!
A troll is nearby!
The troll misses you. The troll closely misses you. The troll claws you.
You closely miss the troll.
Xom's power touches on you for a moment.
A chorus of moans calls out to you!
You are now a toy of Xom.
The troll closely misses you. The troll claws you but does no damage.
The troll completely misses you.
No path to travel!
You hit the small abomination but do no damage.
Your bite misses the small abomination. The troll bites you.
The troll completely misses you. The troll claws you!
The small abomination hits you!
You hit the small abomination.
The small abomination convulses.
The small abomination is lightly damaged.
The small abomination hits you but does no damage.
The small abomination completely misses you.
The troll bites you but does no damage. The troll claws you.
The troll closely misses you.
You hit the small abomination. You freeze the small abomination.
You bite the small abomination, but do no damage.
The small abomination is moderately damaged.
The small abomination hits you. The small abomination misses you.
You barely miss the small abomination.
The small abomination is moderately damaged.
The troll closely misses you. The troll claws you. The troll claws you!
* * * LOW HITPOINT WARNING * * *
The small abomination hits you!
You die...
Xom laughs nastily!

#....._...
###....... ..
.####.....# ###
.# #.#.##...##
#.. .#
#....##.### #.#
.## #.....#..
#.# ..#
.###.#..⌠.⌠
###.###T#
........._.
#....x@x#
####.#.#⌠.⌠
#.#.#####
#####.....# #.#
#......#### #.#
#.###### #.#.#
#.# #.#.# #.#
#.#.# #.#
#.#.#########.##
#.#............#


You could see a troll and 2 small abominations.

Vanquished Creatures
  Sigmund (D:3)
  A water moccasin (D:7)
  An ice beast (D:5)
  An orc warrior (D:5)
  3 sky beasts
  2 ogres
  2 centaurs (D:5)
  5 bullfrogs
  Blork the orc (D:5)
  A scorpion (D:4)
  A water moccasin skeleton (D:6)
  A killer bee (D:6)
  2 howler monkeys
  4 crimson imps
  A bullfrog zombie (D:5)
  A jelly (D:6)
  A centaur skeleton (D:4)
  2 hounds
  An iguana (D:5)
  4 orc wizards
  4 gnolls (D:5)
  A gnoll (shapeshifter) (D:6)
  7 adders
  A shadow imp (D:7)
  An ooze (D:3)
  An ooze (shapeshifter) (D:2)
  2 adder zombies (D:5)
  2 adder skeletons
  4 worms
  3 dart slugs
  5 leopard geckos
  14 orcs
  3 giant cockroaches
  5 goblins
  7 hobgoblins
  7 jackals
  5 quokkas
  3 bats
  9 frilled lizards
  A jackal skeleton (D:5)
  5 kobolds
  7 rats
133 creatures vanquished.

Vanquished Creatures (collateral kills)
  An ogre (D:5)
  A leopard gecko (D:1)
2 creatures vanquished.

Grand Total: 135 creatures vanquished

Notes
Turn   | Place    | Note
-------+----------+-------------------------------------------
     0 | D:1      | MisterOstroum the Vine Stalker Chaos Knight began the quest
                  | for the Orb.
     0 | D:1      | Reached XP level 1. HP: 13/13 MP: 2/2
    68 | D:1      | Reached skill level 1 in Stealth
    86 | D:1      | Reached XP level 2. HP: 18/18 MP: 3/3
   187 | D:1      | XOM: harmless Necr miscast
   244 | D:1      | Reached XP level 3. HP: 20/23 MP: 4/4
   381 | D:1      | XOM: god gift: 50 gold pieces
   491 | D:2      | Noticed a killer bee
   491 | D:2      | a killer bee changed into an ooze
   697 | D:2      | Noticed a water moccasin
   697 | D:2      | a worm changed into a water moccasin
   697 | D:2      | XOM: mild Hex miscast
   698 | D:2      | Noticed a basilisk
   698 | D:2      | a water moccasin changed into a basilisk
   699 | D:2      | XOM: divination: detect items
   699 | D:2      | Noticed a hog
   699 | D:2      | a basilisk changed into a hog
   700 | D:2      | XOM: butterfly on damage
   711 | D:2      | Noticed a bullfrog
   751 | D:2      | Noticed a lindwurm
   810 | D:2      | XOM: 6-stop teleportation journey
   905 | D:2      | Noticed a sea snake
   909 | D:2      | Noticed a snapping turtle
   909 | D:2      | a sea snake changed into a snapping turtle
   914 | D:2      | Noticed a swamp dragon
   914 | D:2      | a snapping turtle changed into a swamp dragon
  1030 | D:2      | Noticed an elephant
  1031 | D:2      | Noticed a floating eye
  1031 | D:2      | an elephant changed into a floating eye
  1033 | D:2      | Noticed a lindwurm
  1046 | D:2      | Noticed a merfolk
  1051 | D:2      | Noticed a snapping turtle
  1051 | D:2      | a merfolk changed into a snapping turtle
  1081 | D:3      | Noticed Sigmund
  1164 | D:3      | Reached XP level 4. HP: 28/28 MP: 5/5
  1240 | D:3      | XOM: enchant monster (bad)
  1249 | D:3      | XOM: swap monsters
  1476 | D:3      | Killed Sigmund
  1476 | D:3      | Reached skill level 5 in Stealth
  1476 | D:3      | Reached XP level 5. HP: 32/33 MP: 6/6
  1487 | D:3      | Found a shattered altar of Ashenzari.
  1491 | D:3      | Saw a vision of the Shoals and the Snake Pit.
  1491 | D:3      | Noticed a hippogriff
  1491 | D:3      | Noticed a merfolk siren
  1491 | D:3      | Noticed a naga mage
  1491 | D:3      | Noticed a black mamba
  1491 | D:3      | Noticed a merfolk
  1491 | D:3      | Noticed a naga warrior
  1491 | D:3      | Noticed a mana viper
  1491 | D:3      | Noticed a hippogriff
  1491 | D:3      | Noticed a guardian serpent
  1491 | D:3      | Noticed a mana viper
  1491 | D:3      | Noticed a hippogriff
  1491 | D:3      | Noticed an anaconda
  1549 | D:3      | Gained mutation: You have razor-sharp teeth. [Vine Stalker
                  | growth]
  1549 | D:3      | Reached XP level 6. HP: 35/38 MP: 7/7
  1577 | D:3      | Found a blossoming altar of Fedhas.
  1622 | D:3      | Found a corrupted altar of Lugonu.
  1691 | D:3      | XOM: divination: magic mapping
  2078 | D:4      | Reached skill level 1 in Evocations
  2132 | D:4      | XOM: medium Air miscast
  2132 | D:4      | XOM: smoke on damage
  2311 | D:4      | XOM: summons 3 hostile demons
  2312 | D:4      | Noticed an orange demon
  2312 | D:4      | Noticed a chaos spawn
  2425 | D:4      | Noticed a sky beast
  2427 | D:4      | Reached XP level 7. HP: 37/43 MP: 7/9
  2552 | D:4      | XOM: harmless Tloc miscast
  2966 | D:5      | Entered Level 5 of the Dungeon
  2975 | D:5      | Found Naot's Gadget Boutique.
  2993 | D:5      | Bought a wand of flame (10) for 66 gold pieces
  2993 | D:5      | Bought a wand of random effects (10) for 132 gold pieces
  3014 | D:5      | Found Qiobry's General Store.
  3018 | D:5      | Bought a scroll of teleportation for 39 gold pieces
  3019 | D:5      | XOM: confusion
  3040 | D:5      | Bought a potion of berserk rage for 65 gold pieces
  3051 | D:5      | XOM: butterfly on damage
  3064 | D:5      | Found Koateliori's Book Shop.
  3064 | D:5      | XOM: 2-stop teleportation journey
  3096 | D:5      | XOM: give mutations
  3096 | D:5      | Gained mutation: You possess an exceptional clarity of
                  | mind. [Xom's mischief]
  3096 | D:5      | Gained mutation: You are somewhat resistant to further
                  | mutation. [Xom's mischief]
  3096 | D:5      | Gained mutation: You are dopey. (Int -2) [Xom's mischief]
  3140 | D:5      | XOM: smoke on damage
  3191 | D:5      | Found a hide-covered altar of Uskayaw.
  3191 | D:5      | Found an ancient bone altar of Kikubaaqudgha.
  3196 | D:5      | Found a burning altar of Makhleb.
  3198 | D:5      | Found a shadowy altar of Dithmenos.
  3199 | D:5      | Found a shattered altar of Ashenzari.
  3329 | D:5      | Gained mutation: Your bite drains your enemy's life force.
                  | [Twilight Stalker growth]
  3329 | D:5      | Gained mutation: Your stealth is less affected by armour.
                  | [Twilight Stalker growth]
  3329 | D:5      | Gained mutation: You are slightly more attuned to the
                  | shadows. [Twilight Stalker growth]
  3329 | D:5      | Reached XP level 8. HP: 44/48 MP: 10/11
  3396 | D:5      | Found Buoroh's Armour Emporium.
  3397 | D:5      | XOM: chaos cloud
  3568 | D:5      | Noticed Blork the orc
  3576 | D:5      | Killed Blork the orc
  3585 | D:5      | Found a shimmering blue altar of Sif Muna.
  3663 | D:5      | Reached skill level 5 in Fighting
  3663 | D:5      | Reached skill level 5 in Short Blades
  3699 | D:5      | XOM: give mutations
  3699 | D:5      | Gained mutation: Your system is resistant to poisons.
                  | (rPois) [Xom's grace]
  3699 | D:5      | Gained mutation: You have a pair of small antennae on your
                  | head. [Xom's grace]
  3699 | D:5      | Gained mutation: Your movements are slightly less
                  | encumbered by armour. (ER -2) [Xom's grace]
  3699 | D:5      | Gained mutation: You have large cloven feet. [Xom's grace]
  3719 | D:5      | XOM: 4-stop teleportation journey
  3754 | D:5      | Found a staircase to the Ecumenical Temple.
  3758 | D:5      | Found Doxzen's General Store.
  3861 | D:5      | XOM: god gift: 134 stones
  3937 | D:5      | XOM: medium Air miscast
  4044 | D:5      | XOM: summons 4 hostile demons
  4045 | D:5      | Noticed an orange demon
  4061 | Temple   | Entered the Ecumenical Temple
  4224 | D:5      | Found a glowing silver altar of Zin.
  4394 | D:6      | XOM: mild Tloc miscast
  4407 | D:6      | XOM: summons 2 friendly demons
  4491 | D:6      | XOM: divination: magic mapping
  4498 | D:6      | XOM: potion effect (haste)
  4539 | D:6      | Reached XP level 9. HP: 48/55 MP: 13/13
  4643 | D:6      | Reached skill level 5 in Evocations
  4975 | D:7      | XOM: potion effect (brilliance)
  5014 | D:7      | XOM: silly message
  5035 | D:7      | Found a sparkling altar of Nemelex Xobeh.
  5039 | D:7      | Found a hazy altar of Hepliaklqana.
  5207 | D:7      | XOM: divination: detect creatures
  5262 | D:7      | XOM: summons 3 hostile demons
  5280 | D:7      | XOM: mild Summ miscast
  5370 | D:7      | Found a stormy altar of Qazlal.
  5370 | D:7      | Found a sacrificial altar of Ru.
  5416 | D:7      | Noticed a troll
  5418 | D:7      | XOM: medium Summ miscast
  5422 | D:7      | Slain by a small abomination

Skill      XL: |  1  2  3  4  5  6  7  8  9 |
---------------+----------------------------+-----
Stealth        | 1 2 3 5 6 |  6.8
Fighting       | 3 4 5 6 |  6.3
Short Blades   | 3 4 5 6 |  6.3
Evocations     | 1 3 4 5 |  5.0
Dodging        | 3 4 |  4.8
Armour         | |  0.7

Action                   |  1- 3 |  4- 6 |  7- 9 || total
-------------------------+-------+-------+-------++-------
Melee: Short sword       |   114 |    83 |   294 ||   491
       Bite              |    11 |    10 |    71 ||    92
 Fire: Blowgun           |       |    11 |     3 ||    14
       Hunting sling     |       |       |    20 ||    20
Throw: Stone             |       |       |     7 ||     7
Evoke: Wand              |       |       |     6 ||     6
  Use: Scroll            |     1 |     2 |     4 ||     7
 Stab: Sleeping          |     3 |     4 |     9 ||    16
       Confused          |       |       |     2 ||     2
       Paralysed         |       |       |     1 ||     1
  Eat: Chunk             |     1 |     4 |    10 ||    15
Armor: Leather armour    |    29 |    15 |    88 ||   132
Dodge: Dodged            |    67 |    38 |   148 ||   253
